 Dungeon Crawl Stone Soup version 0.23.0-2-g0fe3ce5 (webtiles) character file.

Game seed: 3106227478174202402

627 Kairos the Sneak (level 7, -8/37 HPs)
             Began as a Vine Stalker Monk on Feb 19, 2019.
             Was a Follower of Uskayaw.
             Mangled by an ogre
             ... wielding a +0 giant spiked club
              (16 damage)
             ... on level 5 of the Dungeon.
             The game lasted 00:07:17 (4326 turns).

Kairos the Sneak (Vine Stalker Monk)                Turns: 4326, Time: 00:07:18

Health: -8/37      AC:  4    Str: 15    XL:     7   Next: 47%
Magic:  0/17       EV: 14    Int: 10    God:    Uskayaw [*.....]
Gold:   232        SH:  0    Dex: 17    Spells: 6/6 levels left

rFire    . . .     SeeInvis .   a - +0 short sword
rCold    . . .     Gourm    .   (no shield)
rNeg     . . .     Faith    .   b - +0 robe
rPois    .         Spirit   +   j - +0 helmet
rElec    .         Reflect  .   h - +0 cloak
rCorr    .         Harm     .   (no gloves)
MR       .....                  (no boots)
Stlth    ++++......             (no amulet)
HPRegen  0.52/turn              s - ring of magical power
MPRegen  0.15/turn              m - ring of stealth

@: no status effects
A: fangs 2, regeneration 1, magic shield, antimagic bite, no potion heal 3, rot
immunity
a: Stomp, Renounce Religion


You were on level 5 of the Dungeon.
You worshipped Uskayaw.
Uskayaw was noncommittal.
You were hungry.

You visited 1 branch of the dungeon, and saw 5 of its levels.

You collected 232 gold pieces.

Inventory:

Hand Weapons
 a - a +0 short sword (weapon)
 o - a +2 mace of protection
Missiles
 d - 7 sling bullets
 q - 47 stones (quivered)
Armour
 b - a +0 robe (worn)
 h - a +0 cloak (worn)
 j - a +0 helmet (worn)
Jewellery
 l - an uncursed ring of protection from fire
 m - a ring of stealth (right hand)
 s - a ring of magical power (left hand)
Wands
 r - a wand of polymorph (9)
 u - a wand of flame (16)
Scrolls
 e - 5 scrolls of teleportation
 f - 2 scrolls of magic mapping
 g - a scroll of fear
 k - a scroll of amnesia
Potions
 i - a potion of lignification {unknown}
 n - 2 potions of flight {unknown}
 p - 2 potions of curing {unknown}
 t - a potion of mutation {unknown}
Comestibles
 c - 6 rations


   Skills:
 + Level 4.1 Fighting
 + Level 4.2 Short Blades
   Level 3.0 Slings
 + Level 3.9 Dodging
 + Level 4.6 Stealth


You had 6 spell levels left.
You didn't know any spells.
Your spell library was empty.

Dungeon Overview and Level Annotations

Branches:
Dungeon (5/15)
 Temple: D:4-7

Altars:
Uskayaw
The Shining One


Innate Abilities, Weirdness & Mutations

You have extremely sharp teeth.
Your natural rate of healing is unusually fast.
When hurt, damage is shared between your health and your magic reserves.
Your bite disrupts and absorbs the magic of your enemies.
Potions cannot restore your health.
You are immune to rotting.


Message History

You puncture the ogre!
You kill the ogre!
Found a scroll of remove curse.
You see here a +0 giant spiked club.
n - 2 inky potions (gained 1)
You see here a +0 giant spiked club.
An ogre comes into view. It is wielding a +0 giant spiked club.
The ogre shouts!
You can no longer pass through a line of other dancers.
The centaur zombie misses you.
The ogre hits you with a +0 giant spiked club!!
* * * LOW HITPOINT WARNING * * *
You hit the ogre.
The ogre is lightly wounded.
The centaur zombie barely misses you.
You hit the ogre. You bite the ogre. You drain its power.
You feel invigorated.
The ogre is moderately wounded.
The centaur zombie hits you but does no damage.
The ogre hits you with a +0 giant spiked club!!
You die...

#.########.#.#.#.#
#.. #.#.#.#.# #..
#.......# ...
###.#)### ....
#####.#.# ....
......#.#
........#
.######Z# #@# #O#
#?# ..# ###


You could see an ogre and a centaur zombie.

Vanquished Creatures
  A hungry ghost (D:4)
  2 ogres
  A crimson imp (D:5)
  A centaur zombie (D:5)
  A hound (D:4)
  A centaur skeleton (D:4)
  An iguana (D:5)
  A worker ant (D:5)
  A hound skeleton (D:4)
  Robin (D:3)
  4 adders
  2 oozes
  2 worms
  4 leopard geckos
  4 orcs (D:5)
  4 bats
  A giant cockroach (D:1)
  19 goblins
  13 hobgoblins
  10 jackals
  A quokka (D:2)
  7 kobolds
  7 rats
89 creatures vanquished.

Notes
Turn   | Place    | Note
-------+----------+-------------------------------------------
     0 | D:1      | Kairos the Vine Stalker Monk began the quest for the Orb.
     0 | D:1      | Reached XP level 1. HP: 11/11 MP: 2/2
   319 | D:1      | Reached XP level 2. HP: 16/16 MP: 3/3
   599 | D:2      | Reached XP level 3. HP: 3/20 MP: 0/4
  1230 | D:2      | Found a hide-covered altar of Uskayaw.
  1230 | D:2      | Noticed a -2 dagger
  1231 | D:2      | Noticed a +0 dagger
  1244 | D:2      | Became a worshipper of Uskayaw the Reveler
  1244 | D:2      | Reached * piety under Uskayaw
  1269 | D:2      | Reached ** piety under Uskayaw
  1625 | D:2      | Gained mutation: Your natural rate of healing is unusually
                  | fast. [Vine Stalker growth]
  1625 | D:2      | Reached XP level 4. HP: 16/24 MP: 5/5
  1767 | D:2      | Found a glowing golden altar of the Shining One.
  2277 | D:3      | Noticed Robin
  2334 | D:3      | Reached *** piety under Uskayaw
  2335 | D:3      | Killed Robin
  2338 | D:3      | HP: 1/24 [hobgoblin[Robin] (2)]
  2338 | D:3      | Reached **** piety under Uskayaw
  2732 | D:3      | Reached XP level 5. HP: 28/28 MP: 4/6
  3021 | D:4      | Noticed an ogre
  3178 | D:4      | Killed an ogre
  3178 | D:4      | Reached skill level 1 in Slings
  3258 | D:4      | Reached XP level 6. HP: 32/32 MP: 7/7
  3551 | D:4      | Noticed a hungry ghost
  3584 | D:4      | Killed a hungry ghost
  4129 | D:5      | Entered Level 5 of the Dungeon
  4167 | D:5      | Reached XP level 7. HP: 31/37 MP: 8/8
  4326 | D:5      | Mangled by an ogre

Skill      XL: |  1  2  3  4  5  6  7 |
---------------+----------------------+-----
Short Blades   | 3 4 |  4.2
Fighting       | 3 4 |  4.1
Dodging        | 3 |  3.9
Stealth        | 3 4 |  4.6
Slings         | 1 3 |  3.0

Action                   |  1- 3 |  4- 6 |  7- 9 || total
-------------------------+-------+-------+-------++-------
Melee: Short sword       |   107 |   101 |    65 ||   273
       Bite              |    30 |    23 |    22 ||    75
 Fire: Hunting sling     |       |    88 |       ||    88
Invok: Stomp             |       |     1 |       ||     1
  Use: Scroll            |     1 |     6 |       ||     7
 Stab: Sleeping          |     6 |     7 |       ||    13
       Paralysed         |       |     1 |     2 ||     3
  Eat: Chunk             |     1 |     4 |       ||     5
       Ration            |       |     4 |       ||     4
Armor: Robe              |    18 |    19 |     8 ||    45
Dodge: Dodged            |    69 |   103 |    37 ||   209
